 Dungeon Crawl Stone Soup version 0.19-a0-1852-gc11d922 (webtiles) character file.

970 Bekkur the Purveyor of Pain (level 7, 0/46 HPs)
             Began as a Demonspawn Necromancer on Oct 11, 2016.
             Was an Initiate of Kikubaaqudgha.
             Slain by GordonOverkill's ghost (18 damage)
             ... on level 5 of the Dungeon.
             The game lasted 00:17:44 (4225 turns).

Bekkur the Purveyor of Pain (DsNe)                  Turns: 4225, Time: 00:17:45

Health: 0/46       AC:  6    Str: 10    XL:     7   Next: 94%
Magic:  7/10       EV: 12    Int: 16    God:    Kikubaaqudgha [......]
Gold:   277        SH:  0    Dex: 14    Spells: 3 memorised, 4 levels left

rFire  . . .     SeeInvis .     q - +2 scythe (distort)
rCold  . . .     Gourm    .     a - +1 robe
rNeg   . . .     Faith    .     (shield currently unavailable)
rPois  .         Spirit   .     (helmet restricted)
rElec  .         Dismiss  .     (no cloak)
rCorr  +         Reflect  .     (no gloves)
MR     .....     Harm     .     o - +0 pair of boots
Stlth  ++........               h - amulet of regeneration
                                g - ring of resist corrosion
                                n - ring of wizardry

@: regenerating (expiring)
A: antennae 1, thin metallic scales 1, demonic guardian 1, spiny 2
a: Renounce Religion


You were on level 5 of the Dungeon.
You worshipped Kikubaaqudgha.
Kikubaaqudgha was noncommittal.
You were not hungry.

You visited 2 branches of the dungeon, and saw 6 of its levels.

You collected 277 gold pieces.

Inventory:

Hand Weapons
 q - a +2 scythe of distortion (weapon)
Armour
 a - a +1 robe (worn)
 o - a +0 pair of boots (worn)
Jewellery
 g - a ring of resist corrosion (right hand)
 h - an amulet of regeneration (around neck)
 n - a ring of wizardry (left hand)
 v - an uncursed ring of flight
Wands
 w - a wand of paralysis (14/24)
 z - a wand of confusion (16/48)
Scrolls
 d - 3 scrolls of remove curse
 i - a scroll of identify
 r - 2 scrolls of magic mapping
 y - 2 scrolls of fog
 A - a scroll of enchant armour
Potions
 e - a potion of heal wounds
 f - a potion of lignification
 j - 2 potions of brilliance
 k - a potion of flight {unknown}
 l - a potion of invisibility {unknown}
 m - 4 potions of curing
 t - a potion of mutation {unknown}
 u - 2 potions of magic
Books
 b - a book of Necromancy

   Spells                             Type                      Level
   a - Pain                           Necromancy                   1
   b - Animate Skeleton               Necromancy                   1
   c - Vampiric Draining              Necromancy                   3
   d - Regeneration                   Charms/Necromancy            3
   e - Animate Dead                   Necromancy                   4
   f - Control Undead                 Necromancy                   4
 s - a book of Misfortune

   Spells                             Type                      Level
   a - Confusing Touch                Hexes                        1
   b - Confuse                        Hexes                        3
   c - Gell's Gravitas                Hexes/Translocation          3
   d - Petrify                        Transmutation/Earth          4
   e - Metabolic Englaciation         Hexes/Ice                    5
   f - Yara's Violent Unravelling     Hexes/Transmutation          5
Comestibles
 c - 6 bread rations
 p - 3 meat rations
 x - a chunk of flesh


   Skills:
 * Level 6.3 Polearms
 - Level 1.7 Dodging
 - Level 1.7 Stealth
 + Level 2.5 Spellcasting
 + Level 0.3 Charms
 - Level 7.4 Necromancy


You had 4 spell levels left.
You knew the following spells:

 Your Spells              Type           Power        Failure   Level  Hunger
a - Pain                  Necr           ####         1%          1    #......
b - Vampiric Draining     Necr           ####......   1%          3    ###....
c - Regeneration          Chrm/Necr      ##........   4%          3    ###....


Dungeon Overview and Level Annotations

Branches:
Dungeon (5/15)             Temple (1/1) D:4

Altars:
Ashenzari
Dithmenos
Elyvilon
Fedhas
Gozag
Hepliaklqana
Kikubaaqudgha
Makhleb
Nemelex Xobeh
Okawaru
Ru
Sif Muna
Trog
Uskayaw
Vehumet
Xom
Yredelemnul
Zin
The Shining One

Annotations:
D:5 GordonOverkill's ghost, novice FoFi


Innate Abilities, Weirdness & Mutations

You have a pair of small antennae on your head.
You are partially covered in thin metallic scales. (AC +2)
A weak demonic guardian rushes to your aid.
You are mostly covered in sharp spines.


Message History

You slash GordonOverkill's ghost!
Space bends around GordonOverkill's ghost.
GordonOverkill's ghost is heavily damaged.
GordonOverkill's ghost is struck by your spines.
GordonOverkill's ghost hits you.
Your white imp gestures at GordonOverkill's ghost.
The puff of frost hits GordonOverkill's ghost.
GordonOverkill's ghost hits your white imp.
Your white imp hits GordonOverkill's ghost.
Your white imp freezes GordonOverkill's ghost.
You hit GordonOverkill's ghost but do no damage.
GordonOverkill's ghost is severely damaged.
Your skin is crawling a little less now.
GordonOverkill's ghost says, "You will join me soon!"
GordonOverkill's ghost hits you!
Your white imp hits GordonOverkill's ghost but does no damage.
GordonOverkill's ghost is struck by your spines.
GordonOverkill's ghost hits you!!
You die...
Kikubaaqudgha rasps: "You have failed me!
Welcome... death!"

#.# #..######.####.#.#. #.#
#...........##.#.#. #.#
#..######.#.##.#.#. ## #.#
#..# #....#.##.#.#. .#
#.###..###.##........#. .#
#...................... .#
#####..5...####.##.####
.##############..W....###.##.#
...)............@####........#
################.########.####
#..........# ############


You could see GordonOverkill's ghost and a friendly white imp.

Vanquished Creatures
  Grinder (D:5)
  Sigmund (D:2)
  A scorpion (D:4)
  A howler monkey (D:4)
  2 crimson imps (D:5)
  2 bullfrog skeletons
  3 orc wizards
  A centaur skeleton (D:4)
  A worker ant (D:4)
  5 adders
  2 oozes (D:3)
  2 worms
  A dart slug (D:1)
  3 leopard geckos
  11 orcs
  5 bats
  6 giant cockroaches
  3 goblins
  10 hobgoblins
  8 jackals
  2 ball pythons
  11 frilled lizards
  8 kobolds (D:1)
  5 rats
95 creatures vanquished.

Vanquished Creatures (collateral kills)
  The ghost of WhatIsLove the Shield-Bearer, an amateur VSFi (D:4)
  A scorpion (D:4)
2 creatures vanquished.

Vanquished Creatures (others)
  A worm (D:3)
1 creature vanquished.

Grand Total: 98 creatures vanquished

Notes
Turn   | Place    | Note
-------+----------+-------------------------------------------
     0 | D:1      | Bekkur the Demonspawn Necromancer began the quest for the Orb.
     0 | D:1      | Reached XP level 1. HP: 13/13 MP: 3/3
   238 | D:1      | Gained mutation: You are partially covered in sharp spines. [demonic ancestry]
   238 | D:1      | Reached XP level 2. HP: 16/19 MP: 1/5
   311 | D:1      | Reached skill level 5 in Necromancy
  1052 | D:2      | Gained mutation: You have a pair of small antennae on your head. [demonic ancestry]
  1052 | D:2      | Reached XP level 3. HP: 18/24 MP: 3/6
  1412 | D:2      | Noticed Sigmund
  1424 | D:2      | Killed Sigmund
  1424 | D:2      | Reached skill level 7 in Necromancy
  1424 | D:2      | Reached XP level 4. HP: 12/30 MP: 0/7
  1424 | D:2      | Gained mutation: A weak demonic guardian rushes to your aid. [demonic ancestry]
  1424 | D:2      | Reached XP level 5. HP: 14/35 MP: 0/8
  1670 | D:2      | Learned a level 3 spell: Vampiric Draining
  1674 | D:2      | Learned a level 3 spell: Regeneration
  1745 | D:2      | Found a glowing silver altar of Zin.
  1745 | D:2      | Found a glowing golden altar of the Shining One.
  1745 | D:2      | Found a white marble altar of Elyvilon.
  2087 | D:3      | Reached skill level 1 in Polearms
  2314 | D:3      | Noticed a centaur
  2466 | D:3      | Found a sacrificial altar of Ru.
  2506 | D:4      | Gained mutation: You are partially covered in thin metallic scales. (AC +2) [demonic ancestry]
  2506 | D:4      | Reached XP level 6. HP: 32/41 MP: 9/9
  2532 | D:4      | Noticed WhatIsLove's ghost (amateur VSFi)
  2543 | D:4      | Killed WhatIsLove's ghost
  2998 | D:4      | Gained mutation: You are mostly covered in sharp spines. [demonic ancestry]
  2998 | D:4      | Reached XP level 7. HP: 46/46 MP: 10/10
  3099 | D:4      | Found a staircase to the Ecumenical Temple.
  3106 | Temple   | Entered the Ecumenical Temple
  3348 | Temple   | Became a worshipper of Kikubaaqudgha
  3550 | D:5      | Entered Level 5 of the Dungeon
  3652 | D:5      | Reached skill level 5 in Polearms
  3702 | D:5      | Noticed Grinder
  3706 | D:5      | Paralysed by Grinder for 6 turns
  3721 | D:5      | Paralysed by Grinder for 2 turns
  3724 | D:5      | Killed Grinder
  4219 | D:5      | Noticed GordonOverkill's ghost (novice FoFi)
  4225 | D:5      | Slain by GordonOverkill's ghost

Vault maps used:
D:1:      ncdulo_smallfort, serial_glass, glass_columns_b, glass_columns_b
D:2:      good_gods_mini_temple, uniq_sigmund
D:3:      overflow_temple_1_default, first_bread, lightli_corner_chamber
D:5:      uniq_grinder
Temple:   regret_index_temple_generic_petals

Skill      XL: |  1  2  3  4  5  6  7 |
---------------+----------------------+-----
Necromancy     | 5 7 |  7.4
Polearms       | 1 4 6 |  6.3
Dodging        | |  1.7
Stealth        | |  1.7
Spellcasting   | |  2.5
Charms         | |  0.3

Action                   |  1- 3 |  4- 6 |  7- 9 || total
-------------------------+-------+-------+-------++-------
Melee: Unarmed           |     1 |       |       ||     1
       Spear             |    32 |     5 |       ||    37
       Scythe            |       |    71 |    59 ||   130
 Cast: Pain              |    57 |     3 |     1 ||    61
       Regeneration      |       |     1 |     4 ||     5
Evoke: Wand              |       |       |     1 ||     1
  Use: Scroll            |       |    16 |     1 ||    17
 Stab: Sleeping          |     2 |     5 |     1 ||     8
  Eat: Chunk             |     2 |     5 |     4 ||    11
       Beef jerky        |       |     1 |       ||     1
Armor: Robe              |     2 |    15 |    16 ||    33
Dodge: Dodged            |    12 |    36 |    29 ||    77
Block: Buckler           |     7 |       |       ||     7
       Reflection        |     1 |       |       ||     1
